 Dungeon Crawl Stone Soup version 0.31-a0-236-g9a0961fb85 (webtiles) character file.

Game seed: 7454210329756167709

20 qw the Shooter (level 2, -2/16 HPs)
             Began as a Gargoyle Hexslinger on July 10, 2023.
             Slain by a quokka (3 damage)
             ... on level 2 of the Dungeon.
             The game lasted 00:00:15 (1333 turns).

qw the Shooter (Gargoyle Hexslinger)                Turns: 1333, Time: 00:00:16

Health: -2/16      AC:  9    Str: 11    XL:     2   Next: 79%
Magic:  3/3        EV: 12    Int: 13    God:
Gold:   39         SH:  0    Dex: 12    Spells: 2/3 levels left

rFire   . . .        a - +1 sling
rCold   . . .        (no shield)
rNeg    + . .        c - +0 robe
rPois   inf          e - +0 helmet
rElec   +            (no cloak)
rCorr   +            (no gloves)
SInv    .            (no boots)
Will    .....        (no amulet)
Stlth   +            d - ring of resist corrosion
HPRegen 0.22/turn    g - +4 ring of protection
MPRegen 0.08/turn

%: no passive effects
@: no status effects
A: sickness immunity, AC +2, negative energy resistance 1, electricity
resistance, torment resistance 1, petrification resistance
a: no special abilities


You were on level 2 of the Dungeon.
You visited 1 branch of the dungeon, and saw 2 of its levels.

You collected 39 gold pieces.


Innate Abilities, Weirdness & Mutations

You are immune to sickness and miasma.
Your stone body is resilient. (AC +2)
You are immune to poison.
You resist negative energy. (rN+)
You are resistant to electric shocks. (rElec)
You are resistant to unholy torment.
You are immune to petrification.


   Skills:
 + Level 1.4 Fighting
 - Level 3.1 Ranged Weapons
 - Level 1.5 Dodging
 - Level 1.0 Spellcasting
 - Level 2.6 Hexes


You had 2 spell levels left.
You knew the following spells:

 Your Spells              Type           Power      Damage    Failure   Level
a - Slow                  Hex            28%        N/A       10%         1

Your spell library contained the following spells:

 Spells                   Type           Power      Damage    Failure   Level
 Inner Flame              Hex/Fire       4%         N/A       43%         3
 Portal Projectile        Hex/Tloc       8%         N/A       43%         3
 Cause Fear               Hex            3%         N/A       67%         4

Inventory:

Hand Weapons
 a - a +1 sling (weapon)
Armour
 c - a +0 robe (worn)
 e - a +0 helmet (worn)
Jewellery
 d - a ring of resist corrosion (left hand)
 g - a +4 ring of protection (right hand)
Scrolls
 b - a scroll of fear {unknown}
 j - 2 scrolls of identify {unknown}
 k - a scroll of enchant armour {unknown}
 l - a scroll of teleportation {unknown}
Potions
 f - a potion of haste {unknown}
 h - a potion of curing {unknown}
 i - a potion of invisibility {unknown}

Dungeon Overview and Level Annotations

Branches:
Dungeon (2/15)

Altars:

Shops:
D:1 *

Annotations:
D:2 1 runed translucent door, Crazy Yiuf, Natasha


Message History

You shoot a sling bullet.
The sling bullet barely misses the goblin.
You shoot a sling bullet. The sling bullet hits the goblin.
You kill the goblin!
Found a stone staircase leading up.
Enter note:
Enter note:
There is a stone staircase leading up here.
Found a mace.
Enter note:
Enter note: A quokka comes into view.
Enter note:
Enter note: You shoot a sling bullet.
The sling bullet hits the quokka but does no damage.
You hear an angry hiss.
You shoot a sling bullet.
The sling bullet barely misses the quokka.
Natasha, Servant of Life and Death comes into view.
You shoot a sling bullet. The sling bullet misses Natasha.
Natasha casts a spell.
You shoot a sling bullet. The sling bullet hits Natasha.
Natasha is moderately wounded.
Natasha claws you!
Ouch! That really hurt!
You shoot a sling bullet. The sling bullet barely misses Natasha.
The quokka barely misses you.
The cerulean imp hits you but does no damage.
Natasha claws you but does no damage.
You shoot a sling bullet. The sling bullet hits Natasha.
Natasha is severely wounded.
The quokka misses you.
The cerulean imp hits you from afar with a +1 spear.
Natasha claws you but does no damage. The quokka bites you.
The cerulean imp hits you but does no damage.
You shoot a sling bullet. The sling bullet hits Natasha.
Natasha is almost dead.
Natasha barely misses you. The quokka bites you.
You die...

# #. .. #.
#.$##########
#...........######
#....@#####.#....#
......rh#
#.#....####
....###.5
#.........# ...
+... #......##.#
.#
#........#....#.#
.#.##.#....#..#.#
. .......#..).#.#
. .#.##.......#.#
# # ....###....##


You could see Natasha, a cerulean imp (summoned) and a quokka.

Vanquished Creatures
  A worm (D:2)
  An endoplasm (D:1)
  3 goblins
  A hobgoblin (D:1)
  A kobold (D:1)
  3 quokkas
  2 ball pythons (D:1)
  A bat (D:2)
  A frilled lizard (D:1)
  2 rats (D:1)
16 creatures vanquished.

Notes
Turn   | Place    | Note
-------+----------+-------------------------------------------
     0 | D:1      | qw the Gargoyle Hexslinger began the quest for the Orb.
     0 | D:1      | Reached XP level 1. HP: 12/12 MP: 2/2
     0 | D:1      | 0 ||| qw: Version: 0.3-a-52-g30416fa
     0 | D:1      | 0 ||| qw: Game counter: 4816
     0 | D:1      | 0 ||| qw: Melee chars always use a shield: true
     0 | D:1      | 0 ||| qw: God list: Okawaru
     0 | D:1      | 0 ||| qw: Allow faded altars: false
     0 | D:1      | 0 ||| qw: Do Orc after clearing Dungeon:15 true
     0 | D:1      | 0 ||| qw: Do second Lair branch before Depths: true
     0 | D:1      | 0 ||| qw: Lair rune preference: random
     0 | D:1      | 0 ||| qw: Goals: Normal
     0 | D:1      | 0 ||| PLANNING D:1-11
   180 | D:1      | Reached XP level 2. HP: 16/16 MP: 3/3
   810 | D:1      | Found Wudourch's Assorted Antiques.
   818 | D:1      | 818 ||| SHOPLISTING glowing blue potion (24 gold, have 12).
   818 | D:1      | 818 ||| SHOPLISTING golden ring (135 gold, have 12).
   818 | D:1      | 818 ||| SHOPLISTING scroll labelled LOAM RYLEAKH (27 gold,
                  | have 12).
   818 | D:1      | 818 ||| SHOPLISTING scroll labelled QIFUDU OGIMI (27 gold,
                  | have 12).
   818 | D:1      | 818 ||| SHOPLISTING viscous blue potion (24 gold, have 12).
   994 | D:1      | 994 ||| UPGRADING to +0 helmet.
   999 | D:1      | 999 ||| UPGRADING to ring of resist corrosion.
  1000 | D:1      | 1000 ||| UPGRADING to +4 ring of protection.
  1001 | D:1      | 1001 ||| DROPPING scroll of poison.
  1134 | D:2      | Reached skill level 3 in Ranged Weapons
  1199 | D:2      | Found a runed translucent door.
  1200 | D:2      | Noticed Crazy Yiuf
  1328 | D:2      | Noticed Natasha
  1332 | D:2      | HP: 3/16 [cerulean imp/+1 spear[Natasha] (5)]
  1332 | D:2      | HP: 1/16 [quokka (2)]
  1333 | D:2      | Slain by a quokka

Levels and vault maps discovered:
D:1:      dpeg_arrival_rooms_b, layout_basic, serial_shops, shop
D:2:      layout_basic, kennysheep_nub, uniq_crazy_yiuf_cottage, uniq_natasha

Skill      XL: |  1  2 |
---------------+-------+-----
Ranged Weapons | 3 |  3.1
Fighting       | |  1.4
Dodging        | |  1.5
Spellcasting   | |  1.0
Hexes          | |  2.6

Action                     || total
---------------------------++-------
   Fire: Sling             ||    46
 Armour: Robe              ||     5
  Dodge: Dodged            ||     6

Table legend:
 A = Non-vault XP
 B = Vault XP
 C = Vault XP percentage of total XP
 D = Non-vault monster count
 E = Vault monster count
 F = Vault count percentage of total count
                 A         B        C        D         E       F
            +---------+---------+-------+---------+---------+-------
      Total |      29 |       0 |   0.0 |      16 |       0 |   0.0
            +---------+---------+-------+---------+---------+-------
        D:1 |      15 |       0 |   0.0 |      10 |       0 |   0.0
        D:2 |      14 |       0 |   0.0 |       6 |       0 |   0.0
            +---------+---------+-------+---------+---------+-------
